 Dungeon Crawl Stone Soup version 0.25-a0-785-gb22c70e859 (webtiles) character file.

Game seed: 7923093127212573629, levelgen mode: deterministic

201 Esekla the Stinger (level 5, -2/25 HPs)
             Began as a Vine Stalker Venom Mage on Apr 17, 2020.
             Was an Initiate of Elyvilon.
             Slain by Duvessa
             ... wielding a +0 short sword
              (9 damage)
             ... on level 4 of the Dungeon.
             The game lasted 00:18:06 (3082 turns).

Esekla the Stinger (Vine Stalker Venom Mage)        Turns: 3082, Time: 00:18:07

Health: -2/25      AC:  3    Str: 14    XL:     5   Next: 79%
Magic:  0/10       EV: 12    Int: 16    God:    Elyvilon [......]
Gold:   158        SH:  0    Dex: 14    Spells: 4/10 levels left

rFire    . . .     SeeInvis .   b - +1 short sword (speed)
rCold    . . .     Gourm    .   (no shield)
rNeg     . . .     Faith    .   a - +0 robe
rPois    .         Spirit   +   (no helmet)
rElec    .         Reflect  .   (no cloak)
rCorr    +         Harm     .   y - +0 pair of gloves
MR       .....                  (no boots)
Stlth    ++........             (no amulet)
HPRegen  0.48/turn              d - +3 ring of strength
MPRegen  0.12/turn              v - ring of resist corrosion

@: stab
A: fangs 2, regeneration 1, magic shield, antimagic bite, no potion heal 3, rot
immunity
a: Renounce Religion


You were on level 4 of the Dungeon.
You worshipped Elyvilon.
Elyvilon was noncommittal.
You were very hungry.

You visited 1 branch of the dungeon, and saw 4 of its levels.

You collected 158 gold pieces.

Inventory:

Hand Weapons
 b - a +1 short sword of speed (weapon)
 f - a cursed -3 spear
Missiles
 m - 15 poisoned darts (quivered)
 r - 7 javelins
Armour
 a - a +0 robe (worn)
 y - a +0 pair of gloves (worn)
Jewellery
 d - a +3 ring of strength (left hand)
 q - an uncursed ring of see invisible
 v - a ring of resist corrosion (right hand)
Scrolls
 g - a scroll of amnesia {unknown}
 h - a scroll of random uselessness {unknown}
 i - 2 scrolls of enchant weapon {unknown}
 p - a scroll of fog {unknown}
 t - a scroll of immolation {unknown}
 u - 2 scrolls of enchant armour {unknown}
 w - 2 scrolls of remove curse {unknown}
 x - a scroll of teleportation {unknown}
Potions
 e - a potion of ambrosia {unknown}
 j - 2 potions of curing
 k - a potion of resistance
 n - a potion of heal wounds {unknown}
 s - a potion of might
Comestibles
 c - 8 rations


   Skills:
 + Level 0.5 Fighting
 * Level 2.2 Short Blades
 + Level 0.1 Throwing
 + Level 1.8 Dodging
 + Level 2.7 Stealth
 * Level 3.0 Spellcasting
 * Level 1.5 Conjurations
 - Level 1.0 Transmutations
 * Level 1.3 Air Magic
 + Level 4.0 Poison Magic


You had 4 spell levels left.
You knew the following spells:

 Your Spells              Type           Power        Failure   Level  Hunger
a - Sting                 Tmut/Pois      ##..         7%          1    #......
c - Mephitic Cloud        Conj/Pois/Air  #.......     22%         3    ###....
v - Poisonous Vapours     Pois/Air       ##....       10%         2    ##.....

Your spell library contained the following spells:

 Spells                   Type           Power        Failure   Level  Hunger
 Ignite Poison            Fire/Tmut/Pois #.......     28%         3    ###....
 Olgreb's Toxic Radiance  Pois           ###.....     34%         4    #####..


Dungeon Overview and Level Annotations

Branches:
Dungeon (4/15)
 Temple: D:4-7

Altars:
Elyvilon
Uskayaw

Annotations:
D:4 Duvessa


Innate Abilities, Weirdness & Mutations

You have extremely sharp teeth.
Your natural rate of healing is unusually fast.
When hurt, damage is shared between your health and your magic reserves.
Your bite disrupts and absorbs the magic of your enemies.
Potions cannot restore your health.
You are immune to rotting.


Message History

Duvessa is moderately wounded.
You hit Duvessa. You bite Duvessa, but do no damage.
Duvessa is moderately wounded.
You barely miss Duvessa.
Duvessa is moderately wounded.
Duvessa hits you with a +0 short sword!
You hit Duvessa.
Duvessa is heavily wounded.
You hit Duvessa but do no damage. You bite Duvessa, but do no damage.
Duvessa is heavily wounded.
You barely miss Duvessa. Your bite misses Duvessa.
Duvessa is heavily wounded.
Duvessa hits you with a +0 short sword.
* * * LOW HITPOINT WARNING * * *
You hit Duvessa but do no damage. Your bite misses Duvessa.
Duvessa is heavily wounded.
You hit Duvessa. You bite Duvessa, but do no damage.
Duvessa is heavily wounded.
Duvessa hits you with a +0 short sword!
You die...

###########.#
#...........#
####.###########
#.....)..#
#e##.###.#
#.@#.e...#
##########


You could see Duvessa.

Vanquished Creatures
  Dowan (D:4)
  An orc wizard (D:3)
  8 adders
  An ooze (D:1)
  A worm (D:3)
  A dart slug (D:2)
  5 orcs (D:3)
  2 ball pythons
  6 bats
  A giant cockroach (D:1)
  4 goblins (D:3)
  3 hobgoblins
  4 jackals (D:1)
  8 kobolds
  4 frilled lizards
  5 rats
55 creatures vanquished.

Notes
Turn   | Place    | Note
-------+----------+-------------------------------------------
     0 | D:1      | Esekla the Vine Stalker Venom Mage began the quest for the
                  | Orb.
     0 | D:1      | Reached XP level 1. HP: 9/9 MP: 4/4
   101 | D:1      | Reached XP level 2. HP: 12/13 MP: 6/6
   662 | D:2      | Learned a level 2 spell: Poisonous Vapours
   850 | D:1      | Reached XP level 3. HP: 15/16 MP: 4/7
   855 | D:1      | Learned a level 3 spell: Mephitic Cloud
  1189 | D:2      | Reached skill level 1 in Short Blades
  1205 | D:2      | Gained mutation: Your natural rate of healing is unusually
                  | fast. [Vine Stalker growth]
  1205 | D:2      | Reached XP level 4. HP: 18/21 MP: 1/8
  2228 | D:3      | Reached skill level 1 in Conjurations
  2232 | D:3      | Reached skill level 4 in Poison Magic
  2232 | D:3      | Reached XP level 5. HP: 24/24 MP: 5/10
  2435 | D:3      | Reached skill level 1 in Air Magic
  2441 | D:3      | Found a hide-covered altar of Uskayaw.
  2897 | D:3      | Found a white marble altar of Elyvilon.
  2914 | D:3      | Became a worshipper of Elyvilon the Healer
  3029 | D:4      | Noticed Duvessa
  3030 | D:4      | Noticed Dowan
  3054 | D:4      | Killed Dowan
  3082 | D:4      | Slain by Duvessa

Levels and vault maps discovered:
D:1:      tarquinn_simple_flora_water_c, layout_loops_cross
D:2:      layout_basic
D:3:      layout_loops_corners, lemuel_coloured_pillars_altar,
          nicolae_overflow_hidden_temple, dk_noncrumbling_4, minmay_distorted
D:4:      layout_basic, grunt_dithmenos_smoke, first_ration,
          corexii_hall_statues_deadend, uniq_duvessa

Skill      XL: |  1  2  3  4  5 |
---------------+----------------+-----
Short Blades   | 1 2 |  2.2
Conjurations   | 1 |  1.5
Poison Magic   | 4 |  4.0
Air Magic      | 1 |  1.3
Spellcasting   | 3 |  3.0
Fighting       | |  0.5
Throwing       | |  0.1
Dodging        | |  1.8
Stealth        | |  2.7
Transmutations | |  1.0

Action                   |  1- 3 |  4- 6 || total
-------------------------+-------+-------++-------
Melee: Short sword       |    55 |    89 ||   144
       Bite              |     9 |    26 ||    35
Throw: Dart              |       |     4 ||     4
 Cast: Poisonous Vapours |     8 |    11 ||    19
       Mephitic Cloud    |       |     3 ||     3
  Use: Scroll            |       |     4 ||     4
       Potion            |       |     1 ||     1
 Stab: Sleeping          |     1 |     5 ||     6
  Eat: Chunk             |     1 |     6 ||     7
Armor: Robe              |     6 |     4 ||    10
Dodge: Dodged            |    24 |    35 ||    59

Table legend:
 A = Non-vault XP
 B = Vault XP
 C = Vault XP percentage of total XP
 D = Non-vault monster count
 E = Vault monster count
 F = Vault count percentage of total count
                 A         B        C        D         E       F
            +---------+---------+-------+---------+---------+-------
      Total |     224 |      64 |  22.2 |      50 |       5 |   9.1
            +---------+---------+-------+---------+---------+-------
        D:1 |      24 |       0 |   0.0 |      10 |       0 |   0.0
        D:2 |      85 |       0 |   0.0 |      18 |       0 |   0.0
        D:3 |     115 |       8 |   6.5 |      22 |       4 |  15.4
        D:4 |       0 |      56 | 100.0 |       0 |       1 | 100.0
            +---------+---------+-------+---------+---------+-------
